 Dungeon Sprint DCSS version 0.30-a0-862-g1aabd4f9c5 (webtiles) character file.

Game seed: 1228124373152495545

541 dialectric the Protected (level 7, -2/51 HPs)
             Began as a Gargoyle Fighter on Mar 8, 2023.
             Was an Initiate of Trog.
             Slain by Menkaure (14 damage)
             ... in the Dungeon (Sprint II: "The Violet Keep of Menkaure").
             The game lasted 00:00:57 (127 turns).

dialectric the Protected (Gargoyle Fighter)          Turns: 127, Time: 00:00:57

Health: -2/51      AC: 13    Str: 20    XL:     7   Next: 26%
Magic:  7/7        EV: 11    Int:  8    God:    Trog [......]
Gold:   243        SH:  0    Dex: 11    Spells: 6/6 levels left

rFire   . . .      SeeInvis .    a - +0 long sword
rCold   . . .      Faith    .    (no shield)
rNeg    + . .      Spirit   .    b - +0 scale mail
rPois   ∞          Reflect  .    (no helmet)
rElec   +          Rampage  .    (no cloak)
rCorr   .          NoTele   +    (no gloves)
Will    .....                    (no boots) Stlth
                                 (no amulet)
HPRegen 0.28/turn                (no ring)
MPRegen 0.10/turn                (no ring)

@: no status effects
A: sickness immunity, AC +4, negative energy resistance 1, electricity
resistance, torment resistance 1, petrification resistance
a: Renounce Religion


You were in the Dungeon.
You worshipped Trog.
Trog was noncommittal.
You visited 1 branch You collected 243 gold pieces.

Inventory:

Hand Weapons
 a - a +0 long sword (weapon)
Armour
 b - a +0 scale mail (worn)
 c - a +0 buckler
Scrolls
 j - a scroll of blinking
Potions
 g - a potion of haste
 h - 2 potions of magic
 i - a potion of berserk rage


   Skills:
 + Level 9.3 Fighting
 + Level 6.6 Long Blades
 + Level 9.3 Armour
 * Level 5.1 Dodging
 - Level 5.4 Shields


You had 6 spell levels left.
You didn't know any spells.
Your spell library was empty.

Dungeon Overview and Level Annotations

Branches:
Dungeon (1/1)

Altars:
Cheibriados
Dithmenos
Elyvilon
Fedhas
Gozag
Hepliaklqana
Kikubaaqudgha
Makhleb
Nemelex Xobeh
Okawaru
Qazlal
Ru
Sif Muna
Trog
Uskayaw
Vehumet
Wu Jian
Xom
Yredelemnul
Zin
The Shining One
Jiyva
Lugonu

Annotations:
D Menkaure


Innate Abilities, Weirdness & Mutations

You are immune to sickness and miasma.
Your stone body is resilient. (AC +4)
You are immune to poison.
You resist negative energy. (rN+)
You are resistant to electric shocks. (rElec)
You are resistant to unholy torment.
You are immune to petrification.


Message History

Really walk into a travel-excluded area?
Menkaure, Prince of Dust comes into view.
Menkaure shouts!
Menkaure points at you and mumbles some strange words.
You struggle to resist.
You barely miss Menkaure. Menkaure hits you!
You slash Menkaure!
Menkaure is moderately damaged.
Menkaure closely misses you.
You hit Menkaure.
Menkaure is heavily damaged.
You barely miss Menkaure.
Menkaure is heavily damaged.
Menkaure closely misses you.
You barely miss Menkaure.
Menkaure is heavily damaged.
Menkaure hits you!
You barely miss Menkaure.
Menkaure is heavily damaged.
Menkaure points at you and mumbles some strange words.
Pain shoots through your body!
You hit Menkaure.
Menkaure is heavily damaged.
Menkaure hits you.
* * * LOW HITPOINT WARNING * * *
You hit Menkaure.
Menkaure is severely damaged.
Menkaure barely misses you.
You barely miss Menkaure.
Menkaure is severely damaged.
Menkaure casts a spell.
Menkaure seems to speed up.
Unknown command.
You barely miss Menkaure.
Menkaure is severely damaged.
Menkaure barely misses you.
You hit Menkaure but do no damage.
Menkaure is severely damaged.
Menkaure hits you!
You die... ####+#### ##≈≈≈≈≈≈≈## ##§≈≈≈≈≈≈≈≈ +§§≈≈≈≈§§≈ ≈≈≈§SSS ≈SSS

#~~#+++#+++##
~~~...M@....#
~~~~.##+##..# ~~~
##.#### .### ~ #....#
...# # ###..## #..# #.
#+###.##..# +.^#
#..##.##...#..# #..#
#†.<.†.##'..### ..##
#..##.##...#....###...


You could see Menkaure (fast) and 6 electric eels.

Vanquished Creatures
  A water moccasin (D)
  4 necrophages (D)
  4 scorpions (D)
9 creatures vanquished.

Notes
Turn   | Place    | Note
-------+----------+-------------------------------------------
     0 | D        | dialectric the Gargoyle Fighter began the quest for the
                  | Orb.
     0 | D        | Reached XP level 1. HP: 14/14 MP: 1/1
     8 | D        | Noticed a scorpion
     8 | D        | Noticed a scorpion
     8 | D        | Noticed a scorpion
     8 | D        | Noticed a scorpion
    12 | D        | Killed a scorpion
    13 | D        | Reached skill level 5 in Fighting
    13 | D        | Reached skill level 5 in Armour
    13 | D        | Reached skill level 5 in Shields
    13 | D        | Reached XP level 2. HP: 9/21 MP: 2/2
    13 | D        | Reached XP level 3. HP: 11/26 MP: 3/3
    18 | D        | Killed a scorpion
    19 | D        | Reached XP level 4. HP: 8/32 MP: 4/4
    24 | D        | Killed a scorpion
    25 | D        | Reached XP level 5. HP: 31/38 MP: 5/5
    30 | D        | Reached XP level 6. HP: 27/44 MP: 6/6
    45 | D        | Reached skill level 5 in Long Blades
    64 | D        | Reached XP level 7. HP: 26/51 MP: 7/7
    73 | D        | Found a blossoming altar of Fedhas.
    74 | D        | Found a white marble altar of Elyvilon.
    74 | D        | Found an opulent altar of Gozag.
    74 | D        | Found a burning altar of Makhleb.
    75 | D        | Found a shadowy altar of Dithmenos.
    75 | D        | Found a corrupted altar of Lugonu.
    75 | D        | Found a sparkling altar of Nemelex Xobeh.
    75 | D        | Found a hide-covered altar of Uskayaw.
    76 | D        | Found a snail-covered altar of Cheibriados.
    76 | D        | Found an ancient bone altar of Kikubaaqudgha.
    76 | D        | Found a bloodstained altar of Trog.
    77 | D        | Found a viscous altar of Jiyva.
    77 | D        | Found a shimmering blue altar of Sif Muna.
    78 | D        | Found a hazy altar of Hepliaklqana.
    78 | D        | Found a sacrificial altar of Ru.
    79 | D        | Found a shimmering altar of Xom.
    80 | D        | Found a stormy altar of Qazlal.
    80 | D        | Found an ornate altar of the Wu Jian Council.
    80 | D        | Found a basalt altar of Yredelemnul.
    80 | D        | Found a glowing golden altar of the Shining One.
    81 | D        | Found a radiant altar of Vehumet.
    81 | D        | Found an iron altar of Okawaru.
    81 | D        | Found a glowing silver altar of Zin.
    87 | D        | Became a worshipper of Trog the Wrathful
    97 | D        | Reached skill level 5 in Dodging
   114 | D        | Noticed Menkaure
   127 | D        | Slain by Menkaure

Illustrated notes

Levels and vault maps discovered:
D:        the_violet_keep_of_menkaure [sprint2_stairs_cluster_1,
          sprint2_shoproom, sprint2_temple, sprint2_basic_supplies,
          sprint2_obstacle_5, sprint2_obstacle_4, sprint2_obstacle_7,
          sprint2_obstacle_1, sprint2_obstacle_3, sprint2_timed_cluster_1,
          sprint2_smallroom_cluster_1, sprint2_smallroom_final_cluster_1,
          sprint2_transparent_cluster_1, sprint2_second_timed_cluster_1,
          sprint2_sniper_area_1, sprint2_heavy_combat_area_1,
          sprint2_mutation_trap_area_1, sprint2_forest_area_1,
          sprint2_light_combat_area_1, sprint2_behind_water_1,
          sprint2_near_end_vault_1]

Skill      XL: |  1  2  3  4  5  6  7 |
---------------+----------------------+-----
Fighting       | 5 6 7 9 |  9.3
Long Blades    | 2 3 4 6 |  6.6
Armour         | 5 6 7 9 |  9.3
Shields        | 5 |  5.4
Dodging        | 2 3 4 5 |  5.1

Action                     |  1- 3 |  4- 6 |  7- 9 || total
---------------------------+-------+-------+-------++-------
  Melee: Long sword        |     8 |    40 |    16 ||    64
    Use: Potion            |     2 |     1 |       ||     3
 Armour: Scale mail        |     4 |    19 |     5 ||    28
  Dodge: Dodged            |     3 |    16 |     6 ||    25

Table legend: (Time is in decaauts)
 A = Elapsed time spent in this place.
 B = Non-inter-level travel time spent in this place.
 C = Inter-level travel time spent in this place.
 D = Time resting spent in this place.
 E = Time spent auto-exploring this place.
 F = Levels seen in this place.
 G = Mean time per level.
                   A        B        C        D        E       F      G
               +--------+--------+--------+--------+--------+-----+--------+
         Total |    139 |    139 |      0 |      0 |      0 |   1 |  139.0 |
       Dungeon |    139 |    139 |      0 |      0 |      0 |   1 |  139.0 |
               +--------+--------+--------+--------+--------+-----+--------+

Top non-repeatable levels by time:
       D: 139 daAuts
